 Dungeon Crawl Stone Soup version 0.26-a0-478-g6c97825307 (webtiles) character file.

Game seed: 12570212639300507246

266 KristoblXynda the Sneak (level 6, 0/47 HPs)
             Began as a Vampire Brigand on July 31, 2020.
             Slain by an orc wizard
             ... wielding a +0 dagger
              (3 damage)
             ... on level 3 of the Dungeon.
             The game lasted 00:04:26 (2687 turns).

KristoblXynda the Sneak (Vampire Brigand)           Turns: 2687, Time: 00:04:27

Health: 0/47       AC:  5    Str: 10    XL:     6   Next: 0%
Magic:  6/6        EV: 14    Int: 15    God:
Gold:   118        SH:  0    Dex: 22    Spells: 5/5 levels left

rFire    . . .     SeeInvis +   a - +2 dagger
rCold    . . .     Faith    .   (no shield)
rNeg     . . .     Spirit   .   b - +0 robe
rPois    .         Reflect  .   (no helmet)
rElec    .         Harm     .   c - +0 cloak
rCorr    .                      j - +0 pair of gloves
MR       .....                  n - +0 pair of boots
Stlth    ++++......             (no amulet)
HPRegen  0.35/turn              m - +6 ring of dexterity
MPRegen  0.10/turn              (no ring)

@: very slightly contaminated, regenerating quickly, invisible
A: fangs 3, see invisible, unbreathing
a: Exsanguinate


You were on level 3 of the Dungeon.
You visited 1 branch of the dungeon, and saw 4 of its levels.

You collected 118 gold pieces.

Inventory:

Hand Weapons
 a - a +2 dagger (weapon)
Missiles
 d - 8 poisoned darts (quivered)
 e - 2 curare-tipped darts
Armour
 b - a +0 robe (worn)
 c - a +0 cloak (worn)
 j - a +0 pair of gloves (worn)
 n - a +0 pair of boots (worn)
Jewellery
 m - a +6 ring of dexterity (left hand)
Scrolls
 i - a scroll of random uselessness {unknown}
 k - 2 scrolls of magic mapping {unknown}
 l - a scroll of immolation {unknown}
Potions
 f - a potion of invisibility
 g - a potion of mutation
 h - a potion of haste


   Skills:
 + Level 3.2 Fighting
 + Level 3.9 Short Blades
 - Level 1.5 Throwing
 + Level 3.3 Dodging
 + Level 7.5 Stealth


You had 5 spell levels left.
You didn't know any spells.
Your spell library contained the following spells:

 Spells                   Type           Power        Failure   Level
 Animate Skeleton         Necr           #.....       26%         1
 Pain                     Necr           #...         26%         1
 Vampiric Draining        Necr           #.........   63%         3
 Animate Dead             Necr           #.........   95%         4
 Agony                    Necr           #.......     100%        5


Dungeon Overview and Level Annotations

Branches:
Dungeon (4/15)
 Temple: D:4-7

Altars:
Elyvilon
Okawaru
Ru
Trog


Innate Abilities, Weirdness & Mutations

Your natural rate of healing is unusually fast.
You have razor-sharp teeth.
You have supernaturally acute eyesight. (SInv)
You can survive without breathing.


Message History

It was a potion of invisibility.
You fade into invisibility!
The orc wizard hits you but does no damage. x2
You are very lightly contaminated with residual magic.
Okay, then.
You barely miss the orc wizard.
The orc wizard is moderately wounded.
Items here: ))) [[[ †††.
The orc wizard misses you.
The orc wizard hits you with a +0 dagger.
* * * LOW HITPOINT WARNING * * *
You completely miss the orc wizard. Your bite misses the orc wizard.
The orc wizard is moderately wounded.
The orc wizard gestures at you while chanting.
The magic dart hits you.
* * * LOW HITPOINT WARNING * * *
You hit the orc wizard.
The orc wizard is heavily wounded.
The orc wizard hits you with a +0 dagger.
You die...

######################
...............).....#
################...#.#
### .........@..#^#
#.. #........o$...##
#.# '................
#.#.#
#......$......#.#
#.#.#
.....#+######.#..
#.#.# .###. #.##.##
#.#.# # #.....# #.#..
#.....## #.#..
###......###.#..


You could see an orc wizard (fast, invisible).

Vanquished Creatures
  3 orc wizards
  A worker ant (D:4)
  Natasha (twice) (D:3)
  5 adders
  A worm (D:2)
  2 dart slugs
  A leopard gecko (D:3)
  An orc (D:3)
  7 bats
  5 giant cockroaches
  13 goblins
  10 hobgoblins
  6 jackals
  2 ball pythons
  7 frilled lizards
  9 kobolds
  8 rats
83 creatures vanquished.

Notes
Turn   | Place    | Note
-------+----------+-------------------------------------------
     0 | D:1      | KristoblXynda the Vampire Brigand began the quest for the
                  | Orb.
     0 | D:1      | Reached XP level 1. HP: 16/16 MP: 1/1
    81 | D:1      | You fall into a shaft and drop 1 floor!
    87 | D:2      | Reached skill level 6 in Stealth
    87 | D:2      | Reached XP level 2. HP: 17/22 MP: 2/2
   151 | D:2      | Found a sacrificial altar of Ru.
   162 | D:2      | Reached XP level 3. HP: 13/27 MP: 3/3
   299 | D:2      | Found a white marble altar of Elyvilon.
   454 | D:2      | Found a faded altar of an unknown god.
   922 | D:2      | Reached XP level 4. HP: 33/34 MP: 4/4
  1351 | D:2      | Found an iron altar of Okawaru.
  1351 | D:2      | Found a bloodstained altar of Trog.
  2000 | D:3      | You fall into a shaft and drop 1 floor!
  2008 | D:4      | Reached skill level 7 in Stealth
  2008 | D:4      | Reached XP level 5. HP: 34/39 MP: 5/5
  2071 | D:3      | Noticed Natasha
  2093 | D:3      | Killed Natasha
  2448 | D:3      | Noticed Natasha
  2459 | D:3      | Killed Natasha
  2674 | D:3      | Reached XP level 6. HP: 37/47 MP: 6/6
  2687 | D:3      | Slain by an orc wizard

Illustrated notes

Levels and vault maps discovered:
D:1:      lemuel_arrival_funnel, layout_basic, nrook_mini_vaults,
          minmay_misc_feat_rows
D:2:      cheibrodos_greedy_goblins, layout_loops_corners,
          amethyst_overflow_temple_binary, lemuel_doored_altar,
          nicolae_ru_great_annihilating_truth,
          chequers_ecumenical_altar_simple_redux, chequers_serial_rivers_large_b
D:3:      layout_basic, serial_curves, eino_curves_01, eino_curves_01,
          uniq_natasha
D:4:      layout_basic, serial_shops, nicolae_shop_trees, minivault_1

Skill      XL: |  1  2  3  4  5 |
---------------+----------------+-----
Fighting       | 2 3 |  3.2
Stealth        | 6 7 |  7.5
Dodging        | 2 3 |  3.3
Short Blades   | 3 |  3.9
Throwing       | |  1.5

Action                   |  1- 3 |  4- 6 || total
-------------------------+-------+-------++-------
Melee: Dagger            |    85 |   200 ||   285
       Bite              |    10 |    24 ||    34
  Use: Scroll            |       |     2 ||     2
       Potion            |       |     1 ||     1
 Stab: Sleeping          |     4 |    16 ||    20
       Distracted        |     1 |       ||     1
       Paralysed         |     1 |       ||     1
Armor: Robe              |    11 |    27 ||    38
Dodge: Dodged            |    34 |   125 ||   159

Table legend: (Time is in decaauts)
 A = Elapsed time spent in this place.
 B = Non-inter-level travel time spent in this place.
 C = Inter-level travel time spent in this place.
 D = Time resting spent in this place.
 E = Time spent auto-exploring this place.
 F = Levels seen in this place.
 G = Mean time per level.
                   A        B        C        D        E       F      G
               +--------+--------+--------+--------+--------+-----+--------+
         Total |   2671 |   2597 |     74 |    453 |   1416 |   4 |  667.8 |
       Dungeon |   2671 |   2597 |     74 |    453 |   1416 |   4 |  667.8 |
               +--------+--------+--------+--------+--------+-----+--------+

Top non-repeatable levels by time:
     D:2: 1347 daAuts
     D:1: 645 daAuts
     D:3: 638 daAuts
     D:4: 40 daAuts
